 Dungeon Crawl Stone Soup version 0.17-a0-1129-g5854844 (webtiles) character file.

53 InterDimensionalOwl the Sneak (level 3, -2/16 HPs)
             Began as a Spriggan Ice Elementalist on May 24, 2015.
             Slain by Grinder (8 damage)
             ... on level 3 of the Dungeon.
             The game lasted 00:11:59 (1554 turns).

InterDimensionalOwl the Sneak (SpIE)                Turns: 1554, Time: 00:11:59

Health: -2/16      AC:  2    Str:  4    XL:     3   Next: 64%
Magic:  2/9        EV: 18    Int: 22    God:
Gold:   83         SH:  0    Dex: 16    Spells: 1 memorised, 8 levels left

rFire  + . .     SeeInvis +     j - +1 dagger
rCold  + . .     Clarity  .     a - +0 robe
rNeg   . . .     SustAt   .     (shield restricted)
rPois  +         Gourm    .     (helmet restricted)
rElec  +         Spirit   .     (no cloak)
rCorr  +         Warding  .     (gloves unavailable)
rMut   .         Stasis   .     (boots unavailable)
MR     .....                    (no amulet)
Stlth  +++.......               (no ring)
                                (no ring)

@: brilliant, resistant, very slightly contaminated, hasted (expiring), very
quick, not resistant to hostile enchantments, fairly stealthy
A: unfitting armour, see invisible, herbivore 3, speed 3, slow metabolism 2
a: no special abilities


You were on level 3 of the Dungeon.
You were not hungry.

You visited 1 branch of the dungeon, and saw 3 of its levels.

You collected 83 gold pieces.

Inventory:

Hand weapons
 j - a +1 dagger (weapon)
Missiles
 f - 17 poisoned needles
 k - 22 stones (quivered)
Armour
 a - a +0 robe (worn)
Scrolls
 i - a scroll of teleportation
Potions
 e - a potion of magic
 g - a potion of agility
Books
 b - a book of Frost

   Spells                             Type                      Level
   a - Freeze                         Ice                          1
   b - Throw Frost                    Conjuration/Ice              2
   c - Ozocubu's Armour               Charms/Ice                   3
   d - Throw Icicle                   Conjuration/Ice              4
   e - Summon Ice Beast               Ice/Summoning                4
   f - Condensation Shield            Ice                          4
Comestibles
 c - 2 bread rations
 d - a slice of pizza


   Skills:
 + Level 1.2 Short Blades
 - Level 3.1 Dodging
 + Level 4.1 Stealth
 - Level 3.5 Spellcasting
   Level 0.6 Conjurations
 - Level 2.8 Ice Magic


You had 8 spell levels left.
You knew the following spells:

 Your Spells              Type           Power        Failure   Level  Hunger
a - Freeze                Ice            ####         1%          1    None


Dungeon Overview and Level Annotations

Branches:
Dungeon (3/15)

Altars:
Cheibriados
Elyvilon

Annotations:
D:3 Grinder


Innate Abilities, Weirdness & Mutations

You are tiny and cannot use many weapons and most armour.
You have supernaturally acute eyesight.
You are a herbivore.
You cover ground extremely quickly.
You need consume almost no food.


Message History

Grinder blinks!
Grinder closely misses you.
Casting: Freeze
Confirm with . or Enter, or press ? or * to list all spells.
Aiming: Freeze
Press: ? - help, Shift-Dir - straight line, f/p - Grinder
Aim: Grinder, carrying a wand of polymorph {empty} (heavily wounded)
You freeze Grinder.
Grinder resists.
Grinder is heavily wounded.
You closely miss Grinder.
Grinder is heavily wounded.
The rat completely misses you.
Grinder says, "There's only one good use for a tongue: cutting it out."
Grinder hits you.
You writhe in agony.
You barely miss Grinder.
Grinder is heavily wounded.
The rat bites you. Grinder barely misses you. Grinder hits you!
Ouch! That really hurt!
You die...

###### ....#
#..#
#####..########
#.....r.@.....#
#.##†..5......#
#.†.........#
#....####+#.#
#....... .
#.%.#.###
#.....# .......
###....##


You could see Grinder and a rat.

Vanquished Creatures
  Natasha (D:2)
  A giant gecko (D:1)
  2 giant cockroaches
  4 goblins
  4 hobgoblins
  2 kobolds
  4 bats
  4 giant newts
  2 jackals (D:1)
  5 rats
29 creatures vanquished.

Notes
Turn   | Place    | Note
--------------------------------------------------------------
     0 | D:1      | InterDimensionalOwl the Spriggan Ice Elementalist began the quest for the Orb.
     0 | D:1      | Reached XP level 1. HP: 9/9 MP: 5/5
     0 | D:1      | Noticed an orb of fire
     0 | D:1      | Noticed a purple draconian
     5 | D:1      | Noticed an orb of fire
     8 | D:1      | Noticed an orb of fire
    10 | D:1      | Noticed a large abomination
    10 | D:1      | Noticed a green draconian
    13 | D:1      | Noticed a shadow dragon
    15 | D:1      | Noticed an orb of fire
    17 | D:1      | Noticed a red draconian
    17 | D:1      | Noticed an iron dragon
    19 | D:1      | Noticed an ice dragon
    23 | D:1      | Noticed a golden dragon
   353 | D:1      | Reached XP level 2. HP: 11/13 MP: 4/7
  1226 | D:2      | Noticed Natasha
  1231 | D:2      | Killed Natasha
  1231 | D:2      | Reached skill level 1 in Short Blades
  1231 | D:2      | Reached skill level 4 in Stealth
  1231 | D:2      | Reached XP level 3. HP: 16/16 MP: 7/9
  1454 | D:2      | Found a snail-covered altar of Cheibriados.
  1455 | D:2      | Found a white marble altar of Elyvilon.
  1502 | D:3      | Noticed Grinder
  1516 | D:3      | Paralysed by Grinder for 7 turns
  1554 | D:3      | Slain by Grinder

Vault maps used:
D:1:      shiori_arrival_whats_in_store_for_you
D:2:      gammafunk_temple_overflow_statue, kennysheep_decorative_pillar,
          uniq_natasha
D:3:      lemuel_castle_with_subvaults, gammafunk_temple_overflow_wave,
          uniq_grinder, uniq_jessica

Action                   || total
-------------------------++-------
Melee: Club              ||     9
       Unarmed           ||     2
       Dagger            ||    28
 Cast: Freeze            ||    45
  Use: Scroll            ||     7
       Potion            ||     3
 Stab: Sleeping          ||     7
